 Dungeon Crawl Stone Soup version 0.20-a0-1024-ge4c44be (webtiles) character file.

39 HankScorpio the Cudgeler (level 3, -3/21 HPs)
             Began as a Gargoyle Gladiator on Apr 20, 2017.
             Slain by Grinder (7 damage)
             ... on level 3 of the Dungeon.
             The game lasted 00:02:36 (1236 turns).

HankScorpio the Cudgeler (Gargoyle Gladiator)       Turns: 1236, Time: 00:02:37

Health: -3/21      AC:  9    Str: 18    XL:     3   Next: 45%
Magic:  3/3        EV: 12    Int:  8    God:
Gold:   145        SH:  0    Dex: 11    Spells: 2/2 levels left

rFire    . . .     SeeInvis .   a - +0 flail
rCold    . . .     Gourm    .   (no shield)
rNeg     + . .     Faith    .   b - +0 leather armour
rPois    ∞         Spirit   .   k - +2 hat
rElec    +         Reflect  .   (no cloak)
rCorr    .         Harm     .   i - +0 pair of gloves
MR       .....                  (no boots)
Stlth    +.........             (no amulet)
Regen    0.1/turn               (no ring)
MPRegen  0.1/turn               (no ring)

@: no status effects
A: negative energy resistance 1, electricity resistance, unbreathing,
petrification resistance, rot immunity, AC +3
a: no special abilities


You were on level 3 of the Dungeon.
You were not hungry.

You visited 1 branch of the dungeon, and saw 3 of its levels.

You collected 145 gold pieces.

Inventory:

Hand Weapons
 a - a +0 flail (weapon)
Missiles
 d - 3 throwing nets (quivered)
 p - 3 tomahawks
Armour
 b - a +0 leather armour (worn)
 c - a +0 helmet
 i - a +0 pair of gloves (worn)
 k - a +2 hat (worn)
Scrolls
 e - a scroll of fog {unknown}
 g - 2 scrolls of identify {unknown}
 h - 3 scrolls of magic mapping {unknown}
 j - 2 scrolls of enchant armour {unknown}
 l - 4 scrolls of remove curse {unknown}
 n - a scroll of blinking {unknown}
 o - 3 scrolls of immolation {unknown}
Comestibles
 f - 3 bread rations
 m - a meat ration
 q - 5 chunks of flesh


   Skills:
 - Level 2.1 Fighting
 + Level 4.4 Maces & Flails
 - Level 1.7 Throwing
 - Level 2.4 Dodging


You had 2 spell levels left.
You didn't know any spells.

Dungeon Overview and Level Annotations

Branches:
Dungeon (3/15)

Altars:
The Shining One

Annotations:
D:3 Grinder


Innate Abilities, Weirdness & Mutations

You are resistant to torment.
Your stone body is resilient. (AC +3)
You are immune to poison.
You resist negative energy. (rN+)
You are resistant to electric shocks. (rElec)
You can survive without breathing.
You are immune to petrification.
You are immune to rotting.


Message History

Pain shoots through your body!
* * * LOW HITPOINT WARNING * * *
You are too injured to fight recklessly!
You are too injured to fight recklessly!
You are too injured to fight recklessly!
You are too injured to fight recklessly!
You are too injured to fight recklessly!
You are too injured to fight recklessly!
You are too injured to fight recklessly!
You are too injured to fight recklessly!
You are too injured to fight recklessly!
You are too injured to fight recklessly!
You are too injured to fight recklessly!
You are too injured to fight recklessly!
You are too injured to fight recklessly!
You are too injured to fight recklessly!
You hit Grinder.
Grinder is moderately wounded.
Grinder hits you!
You die...

## ... ###..##### #
........###.# #..#
#.....# #..###..#
##...##..#####
#..............
#.#####..@##..######
#.......5###..#
.####..## #..#
#..####..######
#..............
#.#####..#####
..........#
###.######.#
#.######.#


You could see Grinder.

Vanquished Creatures
  3 dart slugs
  A giant cockroach (D:2)
  5 goblins
  2 hobgoblins (D:2)
  5 jackals
  A quokka (D:2)
  4 bats
  A frilled lizard (D:1)
  5 kobolds
  6 rats
33 creatures vanquished.

Notes
Turn   | Place    | Note
-------+----------+-------------------------------------------
     0 | D:1      | HankScorpio the Gargoyle Gladiator began the quest for the Orb.
     0 | D:1      | Reached XP level 1. HP: 12/12 MP: 1/1
   234 | D:1      | Found a glowing golden altar of the Shining One.
   287 | D:1      | Reached XP level 2. HP: 13/17 MP: 2/2
   590 | D:2      | Reached skill level 4 in Maces & Flails
   713 | D:2      | Reached XP level 3. HP: 21/21 MP: 3/3
  1222 | D:3      | Noticed Grinder
  1222 | D:3      | Paralysed by Grinder for 6 turns
  1236 | D:3      | Slain by Grinder

Vault maps used:
D:1:      dpeg_arrival_radiant, tso_metal_star
D:3:      first_bread, minmay_randomly_rotated_circles, uniq_grinder

Skill      XL: |  1  2 |
---------------+-------+-----
Maces & Flails | 4 |  4.4
Fighting       | |  2.1
Throwing       | |  1.7
Dodging        | |  2.4

Action                   || total
-------------------------++-------
Melee: Flail             ||   106
  Eat: Chunk             ||     1
Armor: Leather armour    ||    59
Dodge: Dodged            ||    72
